 Dungeon Crawl Stone Soup version 0.23.2-40-g277498a001 (webtiles) character file.

Game seed: 16457600536081508581

8999 Frank2 the Cleaver (level 10, -1/83 HPs)
             Began as a Demigod Gladiator on Sept 9, 2019.
             Slain by an orc warrior
             ... wielding a +0 dire flail
              (12 damage)
             ... on level 1 of the Orcish Mines.
             The game lasted 00:18:47 (8403 turns).

Frank2 the Cleaver (Demigod Gladiator)              Turns: 8403, Time: 00:18:48

Health: -1/83      AC: 19    Str: 25    XL:     10   Next: 97%
Magic:  0/17       EV: 11    Int: 12    God:
Gold:   706        SH:  0    Dex: 25    Spells: 9/9 levels left

rFire    . . .     SeeInvis .   a - +3 war axe
rCold    . . .     Gourm    .   (no shield)
rNeg     . . .     Faith    .   d - +1 plate armour
rPois    .         Spirit   +   c - +2 helmet
rElec    .         Reflect  .   b - scarf {Spirit}
rCorr    .         Harm     .   u - +0 pair of gloves
MR       +....                  (no boots)
Stlth    ..........             (no amulet)
HPRegen  0.23/turn              s - +4 ring of dexterity
MPRegen  0.15/turn              r - +6 ring of strength

@: slowed, very slow
A: high mp 1
a: no special abilities


You were on level 1 of the Orcish Mines.
You were very hungry.

You visited 2 branches of the dungeon, and saw 12 of its levels.

You collected 706 gold pieces.

Inventory:

Hand Weapons
 a - a +3 war axe (weapon)
Armour
 b - a scarf of spirit shield (worn)
 c - a +2 helmet (worn)
 d - a +1 plate armour (worn)
 u - a +0 pair of gloves (worn)
Jewellery
 k - an uncursed ring of protection from magic
 r - a +6 ring of strength (right hand)
 s - a +4 ring of dexterity (left hand)
 y - an uncursed ring of positive energy
Wands
 l - a wand of acid (1)
 t - a wand of iceblast (28)
Scrolls
 e - a scroll of fear
 o - 2 scrolls of teleportation
 x - 2 scrolls of remove curse
Potions
 g - a potion of degeneration {unknown}
 i - a potion of lignification
 j - 6 potions of curing
 n - 2 potions of mutation
 q - a potion of invisibility
 v - 2 potions of brilliance {unknown}
 w - a potion of cancellation {unknown}
Comestibles
 f - 9 rations


   Skills:
 + Level 6.0 Fighting
 + Level 11.0 Axes
 - Level 1.7 Throwing
 * Level 8.2 Armour
 + Level 4.5 Dodging
 * Level 5.1 Evocations


You had 9 spell levels left.
You didn't know any spells.
Your spell library contained the following spells:

 Spells                   Type           Power        Failure   Level  Hunger
 Magic Dart               Conj           #...         98%         1    ##.....
 Blink                    Tloc           N/A          99%         2    ###....
 Call Imp                 Summ           #.......     99%         2    ###....
 Slow                     Hex            #.......     99%         2    ###....
 Conjure Flame            Conj/Fire      #.......     100%        3    ####...
 Mephitic Cloud           Conj/Pois/Air  #.......     100%        3    ####...


Dungeon Overview and Level Annotations

Branches:
Dungeon (10/15)            Temple (0/1) D:4             Orc (2/2) D:9
    Elf (0/3) Orc:2
   Lair: D:8-11

Shops:
D:2 *

Annotations:
D:6 2 transporters
Orc:1 Josephine, Nergalle


Innate Abilities, Weirdness & Mutations

You have an increased reservoir of magic. (+10% MP)


Message History

The orc hits you but does no damage.
The orc wizard gestures wildly while chanting.
The orc wizard flickers and vanishes!
Deactivating autopickup; reactivate with Ctrl-A.
Nergalle misses you.
Unknown command.
The wraith hits you but does no damage.
The orc warrior hits you with a +0 dire flail!
The orc knight hits you with a +3 great sword!
* * * LOW HITPOINT WARNING * * *
The orc warrior hits you but does no damage.
The orc priest miscasts a cantrip.
Something hits you.
* * * LOW HITPOINT WARNING * * *
Nergalle hits you but does no damage. The wraith hits you!
* * * LOW HITPOINT WARNING * * *
The wraith drains your vigour!
You feel as though you will be slow longer.
The orc warrior hits you with a +0 dire flail!
You die...

.##.... #....#.
.......#.#.....
.............#.
...............
...............
......ooW.W....
....o.ooW......
....ooo@{@.....
..).oOooo......
...oo.ho.......
.....#.........
$............#.
.......o.......
... ....#..#...
.#..........##.


You could see Josephine, an orc knight, Nergalle, 3 wraiths, a warg, 6 orc
warriors, an ogre, 3 orc priests and 5 orcs.

Vanquished Creatures
  An orc warlord (Orc:2)
  3 two-headed ogres
  A troll (D:9)
  Grinder (D:3)
  A hippogriff (D:7)
  2 wyverns
  Eustachio (D:5)
  Menkaure (D:4)
  Edmund (D:4)
  Duvessa (D:4)
  2 sky beasts
  2 ice beasts
  9 orc warriors
  A phantom (D:5)
  9 ogres
  4 centaurs
  Blork the orc (D:6)
  5 bullfrogs
  Dowan (D:4)
  A scorpion (D:4)
  A killer bee (D:9)
  4 wights (D:9)
  2 howler monkeys (D:7)
  A crimson imp (D:6)
  A quasit (D:9)
  A centaur zombie (D:6)
  5 orc priests
  A bullfrog skeleton (D:8)
  3 centaur skeletons
  6 hounds
  11 orc wizards
  Crazy Yiuf (D:3)
  Natasha (D:4)
  4 worker ants
  Ijyb (D:3)
  2 hound zombies
  A hound skeleton (D:9)
  2 worker ant zombies (D:9)
  Robin (D:2)
  8 adders
  3 river rats (D:4)
  A shadow imp (D:5)
  2 oozes
  2 adder zombies
  3 adder skeletons
  4 worms
  3 dart slugs
  5 leopard geckos
  36 orcs
  5 bats
  10 giant cockroaches
  17 goblins
  6 hobgoblins
  16 jackals
  9 kobolds
  7 quokkas
  3 ball pythons
  6 frilled lizards
  A quokka skeleton (D:8)
  A quokka zombie (D:9)
  6 rats
251 creatures vanquished.

Notes
Turn   | Place    | Note
-------+----------+-------------------------------------------
     0 | D:1      | Frank2 the Demigod Gladiator began the quest for the Orb.
     0 | D:1      | Reached XP level 1. HP: 17/17 MP: 3/3
   101 | D:1      | Reached XP level 2. HP: 22/24 MP: 4/4
   214 | D:1      | Reached skill level 3 in Axes
   701 | D:2      | Found an opulent altar of Gozag.
   706 | D:2      | Reached skill level 1 in Armour
   710 | D:2      | Reached XP level 3. HP: 26/29 MP: 5/5
   723 | D:2      | Found Gozag's Platinum Reserve.
   953 | D:2      | Noticed Robin
   974 | D:2      | Found a burning altar of Makhleb.
   987 | D:2      | Reached XP level 4. HP: 14/36 MP: 6/6
   997 | D:2      | Killed Robin
  1333 | D:2      | Found a sacrificial altar of Ru.
  1338 | D:2      | Reached skill level 4 in Axes
  1454 | D:3      | Noticed a centaur
  1501 | D:3      | Reached XP level 5. HP: 41/41 MP: 7/7
  1594 | D:3      | Killed a centaur
  1853 | D:3      | Noticed Ijyb
  1861 | D:3      | Killed Ijyb
  1937 | D:3      | Noticed Grinder
  1955 | D:3      | Killed Grinder
  1955 | D:3      | Reached skill level 5 in Axes
  1955 | D:3      | Reached XP level 6. HP: 35/50 MP: 3/8
  2035 | D:3      | Found a runed translucent door.
  2036 | D:3      | Noticed Crazy Yiuf
  2104 | D:3      | Killed Crazy Yiuf
  2168 | D:4      | Found a staircase to the Ecumenical Temple.
  2206 | D:4      | Found a hide-covered altar of Uskayaw.
  2206 | D:4      | Noticed Duvessa
  2209 | D:4      | Noticed Dowan
  2216 | D:4      | Killed Duvessa
  2231 | D:4      | Killed Dowan
  2231 | D:4      | Reached XP level 7. HP: 20/57 MP: 9/9
  2387 | D:4      | Noticed Menkaure
  2391 | D:4      | Killed Menkaure
  2391 | D:4      | Reached skill level 6 in Axes
  2479 | D:4      | Noticed Edmund
  2501 | D:4      | Killed Edmund
  2518 | D:4      | Found a shimmering altar of Xom.
  2541 | D:4      | Noticed Natasha
  2551 | D:4      | Killed Natasha
  3065 | D:5      | Entered Level 5 of the Dungeon
  3163 | D:5      | Reached skill level 7 in Axes
  3163 | D:5      | Reached XP level 8. HP: 47/66 MP: 6/10
  3184 | D:5      | Noticed Eustachio
  3219 | D:5      | Killed Eustachio
  3509 | D:5      | Reached skill level 5 in Armour
  3980 | D:6      | Reached skill level 1 in Evocations
  3989 | D:6      | Found a transporter.
  3991 | D:6      | Noticed a kobold demonologist
  4040 | D:6      | Found a transporter.
  4114 | D:6      | Noticed Blork the orc
  4131 | D:6      | Killed Blork the orc
  4131 | D:6      | Reached skill level 8 in Axes
  4604 | D:7      | Reached XP level 9. HP: 69/72 MP: 13/13
  5341 | D:8      | Noticed a two-headed ogre
  5345 | D:8      | Reached skill level 9 in Axes
  5348 | D:8      | Killed a two-headed ogre
  5369 | D:8      | Reached skill level 5 in Fighting
  5437 | D:8      | Noticed a two-headed ogre
  5610 | D:8      | Killed a two-headed ogre
  5783 | D:8      | Found an ornate altar of the Wu Jian Council.
  5808 | D:8      | Reached XP level 10. HP: 80/81 MP: 16/16
  6439 | D:9      | Found a sparkling altar of Nemelex Xobeh.
  6450 | D:9      | Reached skill level 10 in Axes
  6470 | D:9      | Noticed a two-headed ogre
  6479 | D:9      | Killed a two-headed ogre
  6759 | D:9      | Found a glowing silver altar of Zin.
  6861 | D:9      | Found a staircase to the Orcish Mines.
  7211 | D:10     | Entered Level 10 of the Dungeon
  7238 | Orc:1    | Entered Level 1 of the Orcish Mines
  7338 | Orc:2    | Entered Level 2 of the Orcish Mines
  7739 | Orc:2    | Found a staircase to the Elven Halls.
  7742 | Orc:1    | Noticed an orc warlord
  7874 | Orc:1    | Noticed Josephine
  8096 | Orc:2    | Killed an orc warlord
  8096 | Orc:2    | Reached skill level 5 in Evocations
  8101 | Orc:2    | Reached skill level 11 in Axes
  8399 | Orc:1    | Noticed Nergalle
  8399 | Orc:1    | Noticed an orc knight
  8403 | Orc:1    | Slain by an orc warrior

Skill      XL: |  1  2  3  4  5  6  7  8  9 10 |
---------------+-------------------------------+-----
Axes           | 3 4 5 7 8 9 11 | 11.0
Dodging        | 3 4 |  4.5
Fighting       | 2 3 4 5 6 |  6.0
Armour         | 1 2 3 4 5 6 8 |  8.2
Evocations     | 1 3 5 |  5.1
Throwing       | |  1.7

Action                   |  1- 3 |  4- 6 |  7- 9 | 10-12 || total
-------------------------+-------+-------+-------+-------++-------
Melee: War axe           |    91 |   107 |   357 |   206 ||   761
Throw: Throwing net      |       |       |     5 |       ||     5
Evoke: Wand              |       |       |     5 |    10 ||    15
  Use: Scroll            |     6 |     8 |    13 |     5 ||    32
       Potion            |       |     4 |     1 |     2 ||     7
 Stab: Paralysed         |       |     1 |       |       ||     1
       Held in net/web   |       |       |     4 |       ||     4
  Eat: Chunk             |       |     4 |     9 |     7 ||    20
       Ration            |       |       |     1 |       ||     1
Armor: Leather armour    |    22 |    15 |       |       ||    37
       Scale mail        |       |    25 |   145 |    56 ||   226
       Plate armour      |       |       |       |    50 ||    50
Dodge: Dodged            |    78 |    86 |   224 |   166 ||   554
